 Dungeon Crawl Stone Soup version 0.27-a0-1565-gad902ab807 (webtiles) character file.

Game seed: 10864124975568782464

56 robertstho the Firebug (level 3, -1/26 HPs)
             Began as a Gnoll Fire Elementalist on July 16, 2021.
             Killed by divine providence
             ... invoked by an orc priest
              (15 damage)
             ... on level 2 of the Dungeon.
             The game lasted 00:02:11 (2041 turns).

robertstho the Firebug (Gnoll Fire Elementalist)    Turns: 2041, Time: 00:02:12

Health: -1/26      AC:  2    Str:  7    XL:     3   Next: 95%
Magic:  5/9        EV: 13    Int: 15    God:
Gold:   64         SH:  0    Dex: 12    Spells: 11/12 levels left

rFire    + . .     SeeInvis .   c - +0 short sword
rCold    + . .     Faith    .   (no shield)
rNeg     . . .     Spirit   .   a - +0 robe
rPois    .         Reflect  .   (no helmet)
rElec    .         Harm     .   d - scarf {rC+ rF+}
rCorr    .         Rampage  .   (no gloves)
Will     .....                  (no boots)
Stlth    ++........             (no amulet)
HPRegen  0.08/turn              (no ring)
MPRegen  0.11/turn              (no ring)

@: studying Stealth
A: fangs 1, strong nose, distributed training
a: no special abilities


You were on level 2 of the Dungeon.
You visited 1 branch of the dungeon, and saw 2 of its levels.

You collected 64 gold pieces.

Inventory:

Hand Weapons
 c - a +0 short sword (weapon)
Armour
 a - a +0 robe (worn)
 d - a scarf of resistance (worn)
Scrolls
 b - a scroll of identify {unknown}
 f - a scroll of vulnerability {unknown}
 g - a scroll of summoning {unknown}
 h - a scroll of acquirement {unknown}
Potions
 e - a potion of might {unknown}
 i - a potion of cancellation {unknown}


   Skills:
 + Level 1.0 Fighting
 + Level 1.0 Short Blades
 + Level 1.0 Long Blades
 + Level 1.0 Axes
 + Level 1.0 Maces & Flails
 + Level 1.0 Polearms
 + Level 1.0 Staves
 + Level 1.0 Slings
 + Level 1.0 Bows
 + Level 1.0 Crossbows
 + Level 1.0 Throwing
 + Level 1.0 Armour
 + Level 4.6 Dodging
 + Level 4.3 Stealth
 + Level 1.0 Shields
 + Level 1.0 Unarmed Combat
 + Level 5.0 Spellcasting
 + Level 2.1 Conjurations
 + Level 0.7 Hexes
 + Level 0.7 Summonings
 + Level 0.7 Necromancy
 + Level 0.7 Translocations
 + Level 0.7 Transmutations
 + Level 5.4 Fire Magic
 + Level 0.7 Ice Magic
 + Level 0.7 Air Magic
 + Level 0.7 Earth Magic
 + Level 0.7 Poison Magic
 + Level 1.0 Invocations
 + Level 1.0 Evocations


You had 11 spell levels left.
You knew the following spells:

 Your Spells              Type           Power      Damage    Failure   Level
a - Foxfire               Conj/Fire      60%        2x1d7     3%          1

Your spell library contained the following spells:

 Spells                   Type           Power      Damage    Failure   Level
 Conjure Flame            Conj/Fire      15%        6-21      11%         3
 Pain                     Necr           20%        1d5       12%         1
 Static Discharge         Conj/Air       8%         N/A       14%         2
 Inner Flame              Hex/Fire       13%        N/A       14%         3
 Poisonous Vapours        Pois/Air       10%        N/A       19%         2
 Mephitic Cloud           Conj/Pois/Air  7%         N/A       30%         3
 Sticky Flame             Conj/Fire      15%        2d4       34%         4
 Fireball                 Conj/Fire      7%         3d5       67%         5
 Dispel Undead            Necr           5%         3d7       77%         4
 Freezing Cloud           Conj/Ice/Air   3%         6-21      95%         5
 Agony                    Necr           5%         N/A       98%         5
 Excruciating Wounds      Necr           2%         N/A       98%         5


Dungeon Overview and Level Annotations

Branches:
Dungeon (2/15)

Altars:


Innate Abilities, Weirdness & Mutations

You have very sharp teeth.
Your uncanny sense of smell can sniff out nearby items.
Your experience applies equally to all skills.


Message History

The orc priest shouts!
You hear a shout! x2
A ball python comes into view.
A kobold comes into view. It is wielding a +0 dagger.
An orc comes into view. It is wielding a +0 club.
Your foxfire dissipates!
The foxfire hits the kobold.
The kobold is moderately wounded.
The kobold throws a stone.
The stone closely misses you.
The orc priest looks braver for a moment.
Casting: Foxfire (safe; 3% risk of failure)
Press: ? - help, Q - select action Dir - look around, f - activate You conjure some foxfire!
The foxfire hits the kobold.
The kobold is severely wounded.
The foxfire hits the kobold.
You kill the kobold!
The orc priest miscasts a cantrip.
Casting: Foxfire (safe; 3% risk of failure)
Press: ? - help, Q - select action Dir - look around, f - activate You conjure some foxfire!
The foxfire hits the ball python.
The ball python is severely wounded.
The foxfire hits the ball python.
You kill the ball python!
Casting: Foxfire (safe; 3% risk of failure)
Press: ? - help, Q - select action Dir - look around, f - activate You conjure some foxfire!
The orc priest calls down the wrath of Beogh upon you.
Beogh smites you!
The foxfire hits the orc.
The orc is almost dead.
The foxfire hits the orc!
You kill the orc!
Casting: Foxfire (safe; 3% risk of failure)
Press: ? - help, Q - select action Dir - look around, f - activate You conjure some foxfire!
The orc priest invokes the aid of Beogh against you.
Beogh smites you!
Ouch! That really hurt!
You die...

........# o....
###.....# ...
#.#.....# ...
)##.....# #.#
##...... #o#
#...# #)# ....#
#.# .##.# ###v#
###.# #.v@#
....# #.###
.#### #.# .#
########.#
.######........#
....†...########
#########


You could see an orc priest (ally target).

Vanquished Creatures
  3 dart slugs
  An orc (D:2)
  8 bats
  4 endoplasms
  2 giant cockroaches (D:1)
  3 goblins
  3 hobgoblins
  4 jackals (D:1)
  A quokka (D:2)
  5 ball pythons
  2 frilled lizards
  4 kobolds
  5 rats
45 creatures vanquished.

Vanquished Creatures (others)
  213 foxfires
213 creatures vanquished.

Grand Total: 258 creatures vanquished

Notes
Turn   | Place    | Note
-------+----------+-------------------------------------------
     0 | D:1      | robertstho the Gnoll Fire Elementalist began the quest for
                  | the Orb.
     0 | D:1      | Reached XP level 1. HP: 13/13 MP: 6/6
   335 | D:1      | Reached XP level 2. HP: 19/19 MP: 1/7
   968 | D:1      | Reached XP level 3. HP: 25/25 MP: 6/9
  1012 | D:1      | Reached skill level 5 in Spellcasting
  1378 | D:1      | Reached skill level 1 in Invocations
  1942 | D:2      | Reached skill level 1 in Fighting
  1942 | D:2      | Reached skill level 1 in Short Blades
  1942 | D:2      | Reached skill level 1 in Long Blades
  1942 | D:2      | Reached skill level 1 in Axes
  1942 | D:2      | Reached skill level 1 in Maces & Flails
  1942 | D:2      | Reached skill level 1 in Polearms
  1942 | D:2      | Reached skill level 1 in Staves
  1942 | D:2      | Reached skill level 1 in Slings
  1942 | D:2      | Reached skill level 1 in Bows
  1942 | D:2      | Reached skill level 1 in Crossbows
  1942 | D:2      | Reached skill level 1 in Throwing
  1942 | D:2      | Reached skill level 1 in Armour
  1942 | D:2      | Reached skill level 1 in Shields
  1942 | D:2      | Reached skill level 1 in Unarmed Combat
  1942 | D:2      | Reached skill level 1 in Evocations
  2041 | D:2      | Killed from afar by an orc priest

Illustrated notes

Levels and vault maps discovered:
D:1:      lightli_arrival_statue_moat, layout_basic, minivault_27
D:2:      layout_loops_cross, minmay_cupped

Skill      XL: |  1  2  3 |
---------------+----------+-----
Conjurations   | 2 |  2.1
Spellcasting   | 5 |  5.0
Invocations    | 1 |  1.0
Fighting       | 1 |  1.0
Short Blades   | 1 |  1.0
Long Blades    | 1 |  1.0
Axes           | 1 |  1.0
Maces & Flails | 1 |  1.0
Polearms       | 1 |  1.0
Staves         | 1 |  1.0
Slings         | 1 |  1.0
Bows           | 1 |  1.0
Crossbows      | 1 |  1.0
Throwing       | 1 |  1.0
Armour         | 1 |  1.0
Shields        | 1 |  1.0
Unarmed Combat | 1 |  1.0
Evocations     | 1 |  1.0
Dodging        | |  4.6
Stealth        | |  4.3
Hexes          | |  0.7
Summonings     | |  0.7
Necromancy     | |  0.7
Translocations | |  0.7
Transmutations | |  0.7
Fire Magic     | |  5.4
Ice Magic      | |  0.7
Air Magic      | |  0.7
Earth Magic    | |  0.7
Poison Magic   | |  0.7

Action                   || total
-------------------------++-------
 Cast: Foxfire           ||   131
Armor: Robe              ||     1
Dodge: Dodged            ||    10

Table legend: (Time is in decaauts)
 A = Elapsed time spent in this place.
 B = Non-inter-level travel time spent in this place.
 C = Inter-level travel time spent in this place.
 D = Time resting spent in this place.
 E = Time spent auto-exploring this place.
 F = Levels seen in this place.
 G = Mean time per level.
                   A        B        C        D        E       F      G
               +--------+--------+--------+--------+--------+-----+--------+
         Total |   2040 |   2008 |     32 |      0 |   1727 |   2 | 1020.0 |
       Dungeon |   2040 |   2008 |     32 |      0 |   1727 |   2 | 1020.0 |
               +--------+--------+--------+--------+--------+-----+--------+

Top non-repeatable levels by time:
     D:1: 1586 daAuts
     D:2: 453 daAuts
